 Dungeon Crawl Stone Soup version 0.21-a0-351-g38363bb (webtiles) character file.

291 nikopol the Chopper (level 6, 0/53 HPs)
             Began as a Hill Orc Fighter on Oct 9, 2017.
             Was an Initiate of Okawaru.
             Succumbed to a worker ant's poison
             ... on level 4 of the Dungeon.
             The game lasted 00:06:10 (2848 turns).

nikopol the Chopper (Hill Orc Fighter)              Turns: 2848, Time: 00:06:11

Health: 0/53       AC:  7    Str: 21    XL:     6   Next: 32%
Magic:  6/6        EV:  7    Int:  8    God:    Okawaru [......]
Gold:   154        SH:  9    Dex: 10    Spells: 5/5 levels left

rFire    . . .     SeeInvis .   a - +0 war axe
rCold    . . .     Gourm    .   c - +0 shield
rNeg     . . .     Faith    .   b - +0 scale mail
rPois    .         Spirit   .   (no helmet)
rElec    .         Reflect  .   (no cloak)
rCorr    +         Harm     .   (no gloves)
MR       .....                  (no boots)
Stlth    ..........             (no amulet)
HPRegen  0.17/turn              g - ring of resist corrosion
MPRegen  0.10/turn              (no ring)

@: lethally poisoned (0 -> -3)
A: no striking features
a: Renounce Religion


You were on level 4 of the Dungeon.
You worshipped Okawaru.
Okawaru was noncommittal.
You were not hungry.

You visited 1 branch of the dungeon, and saw 4 of its levels.

You collected 154 gold pieces.

Inventory:

Hand Weapons
 a - a +0 war axe (weapon)
Armour
 b - a +0 scale mail (worn)
 c - a +0 shield (worn)
Jewellery
 g - a ring of resist corrosion (left hand)
Wands
 e - a wand of polymorph (12/24)
Scrolls
 h - a scroll of magic mapping
 j - a scroll of immolation {unknown}
 k - 2 scrolls of teleportation {unknown}
 l - a scroll of noise {unknown}
 m - a scroll of enchant weapon {unknown}
 n - a scroll of remove curse {unknown}
Potions
 d - a potion of might
 o - a potion of curing {unknown}
 p - 2 potions of lignification
Comestibles
 f - 5 bread rations
 q - 5 chunks of flesh


   Skills:
 + Level 4.7 Fighting
 + Level 6.0 Axes
 + Level 4.1 Armour
 + Level 0.7 Dodging
 + Level 0.5 Stealth
 + Level 4.2 Shields


You had 5 spell levels left.
You didn't know any spells.

Dungeon Overview and Level Annotations

Branches:
Dungeon (4/15)
 Temple: D:4-7

Altars:
Gozag
Makhleb
Nemelex Xobeh
Okawaru
Xom


Message History

You hit something but do no damage.
You feel sick. You block the phantom's attack.
Something hits you but does no damage. You block the phantom's attack.
Something hits you but does no damage.
You miss something. You closely miss the phantom.
You feel sick.
The phantom blinks!
Something hits you but does no damage.
You completely miss something.
You feel sick.
You hear some strange, mumbled words.
A magic dart appears from out of thin air!
The magic dart hits you!
* * * LOW HITPOINT WARNING * * *
You miss something. Something hits you but does no damage.
You miss something.
You feel sick.
Something hits you but does no damage. x2
You closely miss the phantom.
The phantom is lightly damaged.
Your shield prevents you from hitting something.
The phantom hits you.
* * * LOW HITPOINT WARNING * * *
Something hits you but does no damage.
You miss something. You hit the phantom.
You die...

...# ... ...##.....#...
...# .... ..#####.##.#
## #..# ... . ..#..# .#
#..# (.. ####...## .#
#<.###.# #.......##..
#†.#...# #...........
#....########...........
..!............>........
......##..###..†@W......
......##.# #..{........
......##.####...........
........................
#...####...)............
##.##..>................
#.##....)...###########
#.(..##.....#
#...###.....#


You could see a phantom.

Vanquished Creatures
  A scorpion (D:4)
  2 orc priests (D:3)
  A worker ant (D:4)
  5 adders
  2 oozes (D:2)
  2 worms (D:3)
  A dart slug (D:3)
  2 leopard geckos (D:1)
  12 orcs
  4 giant cockroaches
  6 goblins
  11 hobgoblins
  7 jackals
  3 quokkas
  2 ball pythons
  2 bats
  4 frilled lizards
  13 kobolds
  A leopard gecko skeleton (D:4)
  6 rats
87 creatures vanquished.

Notes
Turn   | Place    | Note
-------+----------+-------------------------------------------
     0 | D:1      | nikopol the Hill Orc Fighter began the quest for the Orb.
     0 | D:1      | Reached XP level 1. HP: 19/19 MP: 1/1
    84 | D:1      | Reached XP level 2. HP: 23/27 MP: 2/2
   208 | D:1      | Reached skill level 3 in Axes
   323 | D:1      | Reached XP level 3. HP: 33/33 MP: 3/3
   642 | D:2      | Found an opulent altar of Gozag.
   651 | D:2      | Found an iron altar of Okawaru.
   662 | D:2      | Became a worshipper of Warmaster Okawaru
   806 | D:2      | Reached XP level 4. HP: 15/41 MP: 4/4
   839 | D:2      | HP: 2/41 [poisoned by an adder]
  1440 | D:2      | Found a burning altar of Makhleb.
  1446 | D:2      | Found a shimmering altar of Xom.
  1470 | D:2      | Reached skill level 4 in Axes
  2083 | D:3      | Reached XP level 5. HP: 40/47 MP: 5/5
  2445 | D:3      | Reached skill level 5 in Axes
  2641 | D:4      | Found the +3 salamander hide armour {+Rage rF++}
  2641 | D:4      | Noticed a phantom
  2727 | D:4      | Found a sparkling altar of Nemelex Xobeh.
  2795 | D:4      | Reached XP level 6. HP: 53/53 MP: 6/6
  2840 | D:4      | Reached skill level 6 in Axes
  2847 | D:4      | HP: 1/53 [phantom (6)]
  2848 | D:4      | Succumbed to a worker ant's poison

Vault maps used:
D:1:      dpeg_arrival_court
D:2:      amethyst_overflow_temple_binary, grunt_temple_overflow_open,
          first_bread
D:4:      nicolae_overflow_crystal_walls, old_standard_altar,
          nemelex_altar_shiori

Skill      XL: |  1  2  3  4  5  6 |
---------------+-------------------+-----
Fighting       | 4 |  4.7
Axes           | 3 4 5 6 |  6.0
Shields        | 4 |  4.2
Armour         | 4 |  4.1
Dodging        | |  0.7
Stealth        | |  0.5

Action                   |  1- 3 |  4- 6 || total
-------------------------+-------+-------++-------
Melee: War axe           |   115 |   167 ||   282
  Use: Scroll            |       |     4 ||     4
       Potion            |       |     1 ||     1
  Eat: Chunk             |       |     7 ||     7
Armor: Scale mail        |    54 |    71 ||   125
Dodge: Dodged            |    29 |    55 ||    84
Block: Shield            |    55 |    78 ||   133

Table legend:
 A = Spawn XP
 B = Non-spawn XP
 C = Spawn XP percentage of total XP
 D = Spawn monster count
 E = Non-spawn monster count
 F = Spawn count percentage of total count
 G = Total turns spent on level
                    A         B        C        D         E        F      G
               +---------+---------+-------+---------+---------+-------+---------
         Total |       0 |     417 |   0.0 |       0 |      87 |   0.0 |  2848
               +---------+---------+-------+---------+---------+-------+---------
           D:1 |       0 |      34 |   0.0 |       0 |      20 |   0.0 |   444
           D:2 |       0 |      76 |   0.0 |       0 |      19 |   0.0 |  1162
           D:3 |       0 |     184 |   0.0 |       0 |      35 |   0.0 |  1076
           D:4 |       0 |     123 |   0.0 |       0 |      13 |   0.0 |   166
               +---------+---------+-------+---------+---------+-------+---------
